[Event "Team 45 45 League T65"]
[Site "Internet Chess Club"]
[Date "2015.07.07"]
[Round "5"]
[White "Intemperate"]
[Black "Regista"]
[Result "1-0"]
[WhiteElo "2076"]
[BlackElo "2205"]
[Opening "QGD: classical variation (5.Bf4)"]
[ECO "D37"]
[Time "15:10:03"]
[TimeControl "2700+45"]

1. Nf3 Nf6 2. c4 e6 3. Nc3 d5 4. d4 Be7 5. Bf4 O-O 6. e3 c5 7. dxc5 Bxc5 8. cxd5
exd5 9. Be2 Nc6 10. O-O Be6 11. Ne5 Bd6 12. Nxc6 bxc6 13. Qa4 Bxf4 14. Qxf4 c5
15. b3 Qe7 16. Rfd1 Rac8 17. Rac1 Rfd8 18. Qe5 Kf8 19. Bf3 Nd7 20. Qf4 Nb6 21.
Rd2 c4 22. Ne2 cxb3 23. Rxc8 Rxc8 24. axb3 Qa3 25. Rd1 Qxb3 26. Nd4 Qa4 27.
Nxe6+ {Black resigns} 1-0

[Event "Team 45 45 League T65"]
[Site "Internet Chess Club"]
[Date "2015.07.03"]
[Round "5"]
[White "Pomberito"]
[Black "spand42"]
[Result "0-1"]
[WhiteElo "2004"]
[BlackElo "1990"]
[Opening "Sicilian: Pelikan, Chelyabinsk variation"]
[ECO "B33"]
[Time "19:00:40"]
[TimeControl "2700+45"]

1. e4 c5 2. Nf3 Nc6 3. d4 cxd4 4. Nxd4 Nf6 5. Nc3 e5 6. Ndb5 d6 7. Bg5 a6 8. Na3
b5 9. Nd5 Be7 10. Bxf6 Bxf6 11. c3 O-O 12. Nc2 Bg5 13. a4 bxa4 14. Rxa4 a5 15.
Bc4 Rb8 16. b3 Kh8 17. Nce3 g6 18. h4 Bxh4 19. g3 Bg5 20. f4 exf4 21. gxf4 Bh4+
22. Kf1 f5 23. Ra2 fxe4 24. Rah2 g5 25. Qh5 Rb7 26. Ke2 Be6 27. Qh6 Bg8 28. Rg2
Ne5 29. fxe5 dxe5 30. Rxh4 gxh4 31. Qh5 Re8 32. Rg5 a4 33. Rxe5 Rf8 34. Rxe4
axb3 35. Qe5+ Rg7 36. Rg4 Qd7 37. Bxb3 h3 38. Nf6 Rxf6 39. Qxf6 Bxb3 40. Nf5
Qd1+ 41. Kf2 Qxg4 42. Nxg7 Qxg7 43. Qd8+ Bg8 44. Qh4 Qxc3 45. Kg1 Qc1+ 46. Kh2
Qd2+ {White resigns} 0-1

[Event "Team 45 45 League T65"]
[Site "Internet Chess Club"]
[Date "2015.07.06"]
[Round "5"]
[White "gtmorton"]
[Black "CHENENE"]
[Result "0-1"]
[WhiteElo "2001"]
[BlackElo "2158"]
[Opening "QGD Slav: 4.e3"]
[ECO "D11"]
[Time "19:00:29"]
[TimeControl "2700+45"]

1. d4 d5 2. c4 c6 3. Nf3 Nf6 4. e3 a6 5. Nc3 b5 6. c5 a5 7. Bd3 Nbd7 8. O-O e6
9. Qc2 Bb7 10. Bd2 Be7 11. Ne2 O-O 12. Ne1 e5 13. dxe5 Nxe5 14. Nd4 g6 15. Be2
Qc7 16. b3 Ne4 17. Rd1 Bxc5 18. Bc1 b4 19. Bb2 Bd6 20. g3 Rfe8 21. Nd3 Nxd3 22.
Bxd3 Qd7 23. Rc1 Rac8 24. Rfd1 Re7 25. Qe2 c5 26. Nb5 Bb8 27. f3 Nd6 28. Bf6 Re6
29. Nxd6 Qxd6 30. Bg5 f6 31. Bh6 Qe7 32. Re1 Ba7 33. Kh1 a4 34. Qf2 axb3 35.
axb3 Bb6 36. h4 Ra8 37. Qd2 Ra3 38. Rb1 Bc7 39. Kg2 Bd6 40. e4 Be5 41. exd5 Bxd5
42. Be4 Bxe4 43. Rxe4 Kf7 44. Be3 f5 45. Rc4 Bd4 46. Rc2 Rxe3 {White resigns}
0-1

[Event "Team 45 45 League T65"]
[Site "Internet Chess Club"]
[Date "2015.07.03"]
[Round "5"]
[White "gump12345"]
[Black "Percival"]
[Result "1-0"]
[WhiteElo "2027"]
[BlackElo "2044"]
[Opening "French: Tarrasch, closed variation"]
[ECO "C05"]
[Time "17:01:16"]
[TimeControl "2700+45"]

1. e4 e6 2. d4 d5 3. Nd2 Nf6 4. e5 Nfd7 5. Bd3 c5 6. c3 Nc6 7. Ngf3 Be7 8. O-O
g5 9. dxc5 Nxc5 10. Bc2 Nd7 11. Re1 h5 12. c4 Nb6 13. cxd5 exd5 14. Nb3 Be6 15.
Nfd4 Qd7 16. Nxc6 bxc6 17. Be3 Nc4 18. Bd4 Bb4 19. Bc3 Bxc3 20. bxc3 Qe7 21. Qd4
Rb8 22. Nc5 Rb5 23. Nxe6 fxe6 24. Rab1 Na3 25. Rxb5 Nxb5 26. Qd3 Rf8 27. Qe3 Qf7
28. Rb1 Qf4 29. Qc5 Kd7 30. Bd3 d4 31. Bxb5 Qxf2+ 32. Kh1 cxb5 33. Qd6+ Ke8 34.
Qxe6+ Kd8 35. Qd6+ Ke8 36. Qb8+ Kf7 37. Qxa7+ Kg8 38. Qxd4 Qxa2 39. Qd3 Qf7 40.
h3 g4 41. Qg3 Qf4 42. Qxf4 Rxf4 43. hxg4 hxg4 44. Kh2 Rc4 45. Rxb5 Rxc3 46. Rb4
g3+ 47. Kh3 Re3 48. Rb5 Kf7 49. Kg4 Ke6 50. Kf4 Ra3 51. Rb6+ Ke7 52. Rg6 Kf7 53.
Rxg3 Ra4+ 54. Kf5 Ra1 55. Rf3 Rg1 56. g4 Ra1 57. Kg5+ Kg7 58. e6 Re1 59. Rf7+
Kg8 60. Kf6 Rf1+ 61. Ke7 Rg1 62. Rf4 Kg7 63. Rd4 Re1 64. Kd7 Ra1 65. Ke8 Kf6 66.
e7 Ra8+ 67. Rd8 Ra7 68. Rd6+ Kg7 69. g5 Rb7 70. Kd8 Rb8+ 71. Kc7 Re8 72. Kd7
{Black resigns} 1-0

[Event "Team 45 45 League T65"]
[Site "Internet Chess Club"]
[Date "2015.07.04"]
[Round "5"]
[White "Ohanessian"]
[Black "ArturitoGalacti"]
[Result "1/2-1/2"]
[WhiteElo "1936"]
[BlackElo "1977"]
[Opening "Caro-Kann: Goldman (Spielmann) variation"]
[ECO "B11"]
[Time "20:46:46"]
[TimeControl "2700+45"]

1. e4 c6 2. Nc3 d5 3. Qf3 dxe4 4. Nxe4 Nf6 5. d3 Nbd7 6. Bd2 g6 7. Bc3 Bg7 8. g4
Nb6 9. g5 Nh5 10. Bxg7 Nxg7 11. O-O-O Bf5 12. Ng3 Qd5 13. Nxf5 Nxf5 14. Qxd5
Nxd5 15. Nf3 O-O 16. h4 Nf4 17. Bh3 Ng7 18. Rde1 Nxh3 19. Rxh3 Rfe8 20. Ne5 Rad8
21. Rhe3 Nf5 22. Re4 Rd4 23. Ng4 Red8 {Game drawn by mutual agreement} 1/2-1/2

[Event "Team 45 45 League T65"]
[Site "Internet Chess Club"]
[Date "2015.07.05"]
[Round "5"]
[White "xwang1"]
[Black "jt2000"]
[Result "1/2-1/2"]
[WhiteElo "2062"]
[BlackElo "2058"]
[Opening "Sicilian: Najdorf variation"]
[ECO "B98"]
[Time "22:10:09"]
[TimeControl "2700+45"]

1. e4 c5 2. Nf3 d6 3. d4 cxd4 4. Nxd4 Nf6 5. Nc3 a6 6. Bg5 e6 7. f4 Be7 8. Qf3
Qc7 9. g4 Nbd7 10. O-O-O b5 11. Bxf6 Nxf6 12. g5 Nd7 13. f5 Bxg5+ 14. Kb1 O-O
15. fxe6 Nb6 16. Qg4 Bf6 17. Nd5 Nxd5 18. exd5 fxe6 19. Nxe6 Bxe6 20. dxe6 Qc5
21. Qe4 Qe5 22. Qxe5 Bxe5 23. Bg2 Rae8 24. h4 g6 25. Bd5 Kg7 26. Rdg1 Rf5 27.
Bb7 a5 28. Bc6 Re7 29. h5 Bd4 30. Rg4 Rc5 31. hxg6 hxg6 32. Ba8 Be5 33. Be4 Rxe6
34. Rhg1 Bh2 35. Rxg6+ Rxg6 36. Rxg6+ Kf7 37. c3 Re5 38. Rg4 Kf6 39. Bd3 Rd5 40.
Kc2 Be5 41. Rg8 b4 {Game drawn by mutual agreement} 1/2-1/2

[Event "Team 45 45 League T65"]
[Site "Internet Chess Club"]
[Date "2015.07.07"]
[Round "5"]
[White "Froggy"]
[Black "imawesome"]
[Result "0-1"]
[WhiteElo "2112"]
[BlackElo "2030"]
[Opening "Bird's opening"]
[ECO "A02"]
[Time "13:29:07"]
[TimeControl "2700+45"]

1. f4 g6 2. Nf3 Bg7 3. e4 c5 4. d3 Nc6 5. Be2 d6 6. O-O e6 7. Qe1 Nge7 8. Qh4
Nd4 9. Nxd4 Bxd4+ 10. Kh1 O-O 11. e5 Nf5 12. Qh3 dxe5 13. c3 exf4 14. cxd4 Nxd4
15. Nc3 e5 16. Bg4 Nf5 17. Ne4 h5 18. Bxf5 Bxf5 19. Qf3 b6 20. Bd2 Bg4 21. Qf2
Qxd3 22. Nf6+ Kg7 23. Nxg4 hxg4 24. Bc3 f6 25. Rad1 Qf5 26. Rd6 Rae8 27. Qd2 Re7
28. a4 g3 29. h3 g5 30. Rd8 Rxd8 31. Qxd8 Rd7 32. Qe8 g4 33. h4 Rf7 {White
resigns} 0-1

[Event "Team 45 45 League T65"]
[Site "Internet Chess Club"]
[Date "2015.07.03"]
[Round "5"]
[White "juniorVishy"]
[Black "Monterrey"]
[Result "1-0"]
[WhiteElo "2034"]
[BlackElo "2002"]
[Opening "Dutch defense"]
[ECO "A90"]
[Time "15:00:33"]
[TimeControl "2700+45"]

1. d4 e6 2. c4 f5 3. g3 Nf6 4. Bg2 d5 5. Nc3 c6 6. Bf4 Bd6 7. Nf3 Bxf4 8. gxf4
Nbd7 9. e3 O-O 10. O-O Ne4 11. Rc1 Kh8 12. Nxe4 fxe4 13. Ng5 Nf6 14. f3 exf3 15.
Qxf3 Bd7 16. Qe2 Qe7 17. c5 Be8 18. Bh3 Bf7 19. b4 a6 20. a4 h6 21. Nf3 Bh5 22.
Qg2 Bxf3 23. Qxf3 Ne4 24. Rc2 Ng5 25. Qg4 Nxh3+ 26. Qxh3 Qf6 27. Rcf2 Qf5 28.
Rf3 Rf6 29. Qxf5 exf5 30. Kf2 Kg8 31. h4 Rg6 32. h5 Rg4 33. Rg3 Rxg3 34. Kxg3
Kf7 35. Rb1 Re8 36. Kf3 g6 37. hxg6+ Kxg6 38. b5 axb5 39. axb5 Kf6 40. Rh1 Kg6
41. Ra1 Kf6 42. Ra7 Re7 43. Ra8 Kf7 44. Rh8 Kg7 45. Rc8 cxb5 46. Rd8 Kf6 47. Rh8
Rg7 48. Rxh6+ Ke7 49. Rb6 Kd8 50. Rxb5 Rh7 51. Rb6 Rh3+ 52. Ke2 Kc7 53. Kd3 Rh1
54. Rf6 Rd1+ 55. Ke2 Rb1 56. Rxf5 b5 57. cxb6+ Kxb6 58. Rxd5 Kc6 59. Rd8 {Black
resigns} 1-0

[Event "Team 45 45 League T65"]
[Site "Internet Chess Club"]
[Date "2015.07.05"]
[Round "5"]
[White "hudson"]
[Black "kabindra"]
[Result "1-0"]
[WhiteElo "1657"]
[BlackElo "1682"]
[Opening "Giuoco Piano"]
[ECO "C50"]
[Time "11:00:40"]
[TimeControl "2700+45"]

1. e4 e5 2. Bc4 Bc5 3. Nf3 Nc6 4. O-O Nf6 5. d3 h6 6. Nbd2 d6 7. c3 Qe7 8. a4 a5
9. h3 O-O 10. Re1 Nh5 11. Nf1 Qf6 12. Ne3 Ne7 13. d4 Bb6 14. Bb3 c6 15. Nc4 Bc7
16. Nfxe5 dxe5 17. Qxh5 exd4 18. e5 Qf5 19. Qh4 Ng6 20. Qxd4 Be6 21. Nd6 Bxd6
22. Bxe6 Qxe6 23. Qxd6 Qf5 24. e6 fxe6 25. Qxe6+ Kh7 26. Qxf5 Rxf5 27. Be3 Ne5
28. Bd4 Nd3 29. Re7 Rg5 30. Rxb7 Rg6 31. Rd1 Nf4 32. Re1 Rxg2+ 33. Kf1 Rg6 34.
Ree7 Rg8 35. h4 h5 36. Be3 Nd5 37. Re5 Nxe3+ 38. fxe3 Kh6 39. Rf7 Rg4 40. Re6+
Kh7 41. Rxc6 Re8 42. Kf2 Rxh4 43. Rf5 Rxa4 44. Rxh5+ Kg8 45. Ra6 Rae4 46. Rhxa5
Rf8+ 47. Ke2 Rfe8 48. Ra8 Rxe3+ 49. Kd2 Re2+ 50. Kc1 Re1+ 51. Kc2 Re2+ 52. Kb3
Kh7 53. Rxe8 Rxe8 54. c4 Kh6 55. Ra6+ Kh5 56. Ra1 g5 57. Rh1+ Kg6 58. c5 g4 59.
Kb4 Kg5 60. Kc4 Re4+ 61. Kb5 g3 62. b4 g2 63. Rg1 Re2 64. c6 Kf4 65. Kb6 Kf3 66.
c7 Rc2 67. b5 Kf2 68. Rxg2+ Kxg2 69. Kb7 Kf3 70. c8=Q Rxc8 71. Kxc8 {Black
resigns} 1-0

[Event "Team 45 45 League T65"]
[Site "Internet Chess Club"]
[Date "2015.07.02"]
[Round "5"]
[White "QuieroAprender"]
[Black "skuhl99"]
[Result "1-0"]
[WhiteElo "1635"]
[BlackElo "1454"]
[Opening "Pirc: Holmov system"]
[ECO "B07"]
[Time "21:01:34"]
[TimeControl "2700+45"]

1. e4 d6 2. Bc4 Nf6 3. Nc3 g6 4. d4 Bg7 5. Nf3 O-O 6. h3 c5 7. dxc5 dxc5 8. O-O
a6 9. Qe2 b5 10. Bd5 Nxd5 11. Nxd5 e6 12. Ne3 Qc7 13. c3 Bb7 14. Nc2 Rd8 15. Bg5
Rd7 16. Rfd1 Rxd1+ 17. Rxd1 Nc6 18. Bh4 b4 19. Bg3 Qa5 20. cxb4 Nxb4 21. Nxb4
cxb4 22. b3 Rc8 23. Qd3 Rc3 24. Qd8+ Qxd8 25. Rxd8+ Bf8 26. Rb8 Bxe4 27. Bd6 Bb1
28. Bxf8 Bxa2 29. Bh6+ Rc8 30. Rxc8# {Black checkmated} 1-0

[Event "Team 45 45 League T65"]
[Site "Internet Chess Club"]
[Date "2015.07.12"]
[Round "5"]
[White "Skeptic1972"]
[Black "SAC2001"]
[Result "1/2-1/2"]
[WhiteElo "1586"]
[BlackElo "1771"]
[Opening "Scotch gambit: Dubois-Réti defense"]
[ECO "C55"]
[Time "14:00:00"]
[TimeControl "2700+45"]

1. e4 e5 2. Nf3 Nc6 3. d4 exd4 4. Bc4 Nf6 5. e5 d5 6. Bb5 Ne4 7. Nxd4 Bd7 8.
Bxc6 bxc6 9. O-O Bc5 10. f3 Ng5 11. f4 Ne4 12. Be3 O-O 13. Nd2 Nxd2 14. Qxd2 Rb8
15. c3 Qe7 16. b4 Bb6 17. Nb3 f6 18. Bxb6 cxb6 19. exf6 Qxf6 20. g3 Rbe8 21. c4
Be6 22. c5 Bg4 23. Rae1 Re7 24. Rxe7 Qxe7 25. Re1 Qf7 26. Re5 Qf6 27. Qe3 Bh3
28. Re8 Qg6 29. Rxf8+ Kxf8 30. Kf2 Qc2+ 31. Qe2 Qc3 32. Qd2 Qc4 33. Qe1 d4 34.
Qd1 d3 35. Qd2 Qe4 36. Nc1 Qd4+ 37. Kf3 Bf5 38. Nb3 Be4+ 39. Kg4 Qd7+ 40. Kh4
Qf5 41. g4 Qf6+ 42. g5 Qf5 43. Kg3 Bd5 44. Nc1 Qe4 45. Nxd3 Qf3+ 46. Kh4 g6 47.
Ne5 {Game drawn by mutual agreement} 1/2-1/2

[Event "Team 45 45 League T65"]
[Site "Internet Chess Club"]
[Date "2015.07.03"]
[Round "5"]
[White "qingjoshua"]
[Black "nidusin2"]
[Result "0-1"]
[WhiteElo "1691"]
[BlackElo "1592"]
[Opening "Ruy Lopez: Berlin defense, 4.O-O, d6"]
[ECO "C66"]
[Time "23:00:14"]
[TimeControl "2700+45"]

1. e4 Nc6 2. Nf3 e5 3. Bb5 Nf6 4. O-O d6 5. Nc3 Be7 6. d4 exd4 7. Nxd4 Bd7 8.
Nxc6 bxc6 9. Ba6 O-O 10. f4 Re8 11. Be3 Ng4 12. Bd2 d5 13. exd5 Bc5+ 14. Kh1 Qh4
15. Qxg4 Qxg4 16. Bb7 Rad8 17. Rad1 cxd5 18. Bxd5 Be6 19. Bc6 Bc4 20. Rf3 Rxd2
{White resigns} 0-1

[Event "Team 45 45 League T65"]
[Site "Internet Chess Club"]
[Date "2015.07.05"]
[Round "5"]
[White "Insan996"]
[Black "ahxm"]
[Result "1/2-1/2"]
[WhiteElo "1594"]
[BlackElo "1388"]
[Opening "Grünfeld: modern exchange variation"]
[ECO "D90"]
[Time "12:04:23"]
[TimeControl "2700+45"]

1. d4 Nf6 2. Nf3 g6 3. c4 Bg7 4. Nc3 d5 5. cxd5 Nxd5 6. e4 Nxc3 7. bxc3 c5 8. g3
O-O 9. Bg2 Nc6 10. Bb2 cxd4 11. cxd4 Bg4 12. e5 Qd7 13. h3 Bf5 14. Nh4 Rad8 15.
Nxf5 Qxf5 16. Qa4 Qd7 17. Rd1 Qc7 18. O-O e6 19. Ba3 Rfe8 20. Bd6 Qd7 21. Rc1
Rc8 22. Bxc6 bxc6 23. Rc5 Bf8 24. Bxf8 Rxf8 25. Rfc1 Rfd8 26. Rxc6 Rxc6 27. Rxc6
Qxd4 28. Qxd4 Rxd4 29. Rc7 Ra4 30. Rc2 Ra5 31. f4 Kf8 32. Kf2 Ke7 33. Ke3 Kd7
34. Rd2+ Ke7 35. Rc2 Kd7 36. Kf2 a6 37. Rd2+ Ke7 38. Rc2 Kd7 39. Rd2+ Ke7 40.
Rb2 Kd7 41. Kf3 h5 42. Rb7+ Ke8 43. Rb8+ Kd7 44. Rb7+ Ke8 {Game drawn by mutual
agreement} 1/2-1/2

[Event "Team 45 45 League T65"]
[Site "Internet Chess Club"]
[Date "2015.07.05"]
[Round "5"]
[White "bhxm"]
[Black "fireball"]
[Result "0-1"]
[WhiteElo "1420"]
[BlackElo "1614"]
[Opening "French: Tarrasch, closed variation"]
[ECO "C05"]
[Time "12:02:09"]
[TimeControl "2700+45"]

1. e4 e6 2. d4 d5 3. Nd2 Nf6 4. e5 Nfd7 5. c3 c5 6. Ngf3 Nc6 7. Bb5 Qb6 8. Bxc6
bxc6 9. O-O Be7 10. dxc5 Nxc5 11. Nd4 Nd3 12. N2b3 Nxc1 13. Rxc1 c5 14. Nf3 O-O
15. Qd2 Bb7 16. Ng5 Rad8 17. Qf4 d4 18. cxd4 cxd4 19. Rcd1 Qc6 20. Qg3 Qa4 21.
Nf3 d3 22. Nfd4 Rxd4 23. Nxd4 Qxd4 24. b3 d2 25. Qe3 Qxe3 26. fxe3 Bg5 27. Kf2
Rd8 28. g3 Rd3 29. Ke2 Ba6 30. Rf3 Rxe3+ 31. Kf2 Rxf3+ 32. Kxf3 Bd3 33. h4 Bh6
34. g4 Bc2 35. g5 Bxd1+ 36. Ke3 Bxg5+ 37. hxg5 Kf8 38. Kxd2 Bf3 39. Ke3 Bd5 40.
Kd4 Ke7 41. Kc3 Kd7 42. a3 Kc6 43. Kb4 h5 44. gxh6 gxh6 45. a4 h5 46. Kc3 h4 47.
b4 a6 48. Kd3 h3 49. Kd4 h2 50. b5+ axb5 51. a5 h1=Q 52. a6 Kb6 53. a7 Kxa7 54.
Kc5 Bc4 55. Kd6 Qd5+ 56. Ke7 b4 57. Kxf7 b3 58. Kf6 b2 59. Kf7 b1=Q 60. Kf6 Qf5+
61. Kg7 Qg2+ 62. Kh6 Qfh3# {White checkmated} 0-1

[Event "Team 45 45 League T65"]
[Site "Internet Chess Club"]
[Date "2015.07.03"]
[Round "5"]
[White "Portola"]
[Black "Lrn2Mate"]
[Result "1-0"]
[WhiteElo "1800"]
[BlackElo "1627"]
[Opening "Queen's pawn game"]
[ECO "A45"]
[Time "09:04:07"]
[TimeControl "2700+45"]

1. d4 Nf6 2. c3 d5 3. Nf3 Bg4 4. Bg5 e6 5. e3 Be7 6. Be2 O-O 7. Nbd2 c5 8. O-O
Nc6 9. Re1 Rc8 10. Qb3 cxd4 11. exd4 Qd7 12. Bd3 Ne8 13. Bf4 Bd6 14. Bg3 Nf6 15.
Rab1 a6 16. Bxd6 Qxd6 17. Ne5 Rc7 18. a3 b5 19. Ndf3 Bh5 20. Qc2 Bg6 21. Nxg6
hxg6 22. Qd2 Re8 23. Ne5 Nd7 24. f4 Ne7 25. Qf2 Nf5 26. g4 Nh6 27. Qg3 Nxe5 28.
fxe5 Qe7 29. h4 Rf8 30. Re2 Rfc8 31. Rf1 g5 32. h5 Kf8 33. Ref2 Ke8 34. Kg2 Kd7
35. Qf3 Kc6 36. Qe2 Kb6 37. Kg3 Qd7 38. Qd2 Qe7 39. Qd1 Rf8 40. Qb3 Qd7 41. a4
Rb7 42. Qb4 Ka7 43. Qxf8 bxa4 44. Qc5+ Ka8 45. Bxa6 Ra7 46. Qf8+ Qd8 47. Qxd8#
{Black checkmated} 1-0

[Event "Team 45 45 League T65"]
[Site "Internet Chess Club"]
[Date "2015.07.03"]
[Round "5"]
[White "parrot9"]
[Black "rubo"]
[Result "0-1"]
[WhiteElo "1574"]
[BlackElo "1703"]
[Opening "Caro-Kann: classical variation"]
[ECO "B18"]
[Time "15:22:32"]
[TimeControl "2700+45"]

1. e4 c6 2. d4 d5 3. Nc3 dxe4 4. Nxe4 Bf5 5. Ng3 Bg6 6. Nf3 Nd7 7. Bd3 Bxd3 8.
Qxd3 Ngf6 9. Bd2 e6 10. O-O-O Qc7 11. Rhe1 h6 12. Kb1 O-O-O 13. Qe2 Kb8 14. Ne5
Nxe5 15. dxe5 Nd5 16. f4 g6 17. Ne4 Be7 18. a3 Rd7 19. c4 Nb6 20. Be3 Rhd8 21.
Rxd7 Rxd7 22. c5 Nd5 23. Nd6 Bxd6 24. cxd6 Qd8 25. g3 Ka8 26. Bf2 Qa5 27. Qc2
Qd8 28. Re4 Nb6 29. Rb4 Nd5 30. Ra4 a6 31. Qc5 Qb8 32. Qxc6 bxc6 33. Rxa6+ Kb7
{White resigns} 0-1

[Event "Team 45 45 League T65"]
[Site "Internet Chess Club"]
[Date "2015.07.07"]
[Round "5"]
[White "g8wrb"]
[Black "Invicta-Knight"]
[Result "0-1"]
[WhiteElo "1359"]
[BlackElo "1611"]
[Opening "Scandinavian: Pytel-Wade variation"]
[ECO "B01"]
[Time "09:08:52"]
[TimeControl "2700+45"]

1. e4 d5 2. exd5 Qxd5 3. Nc3 Qd6 4. d4 g6 5. Bc4 Nc6 6. Nf3 Bg4 7. Be3 Nh6 8. h3
Bxf3 9. gxf3 O-O-O 10. Qe2 Nxd4 11. Bxd4 Qxd4 12. Rd1 Qb6 13. Rxd8+ Kxd8 14. Na4
Qb4+ 15. Kf1 Qxa4 16. Bb5 Qb4 17. Kg2 Kc8 18. Bd7+ Kxd7 19. Rd1+ Kc8 20. c3 Qa4
21. Qd3 Bg7 {White resigns} 0-1

[Event "Team 45 45 League T65"]
[Site "Internet Chess Club"]
[Date "2015.07.05"]
[Round "5"]
[White "zap2"]
[Black "Greedy-Reedy"]
[Result "1-0"]
[WhiteElo "1771"]
[BlackElo "1853"]
[Opening "Benko's opening"]
[ECO "A00"]
[Time "13:04:14"]
[TimeControl "2700+45"]

1. g3 g6 2. Bg2 Bg7 3. e4 c5 4. d3 Nc6 5. Nf3 e6 6. O-O Nge7 7. c3 d5 8. Qe2 O-O
9. a4 b6 10. Na3 a6 11. Bf4 e5 12. Nxe5 Nxe5 13. Bxe5 Bxe5 14. exd5 Bd6 15. Nc4
Bb7 16. Rfe1 Re8 17. Qg4 Bxd5 18. Bxd5 Nxd5 19. Rxe8+ Qxe8 20. Nxd6 Qc6 21. Nc4
Nf6 22. Qf4 Re8 23. Qd6 Qxd6 24. Nxd6 Re2 25. b4 Rc2 26. bxc5 bxc5 27. c4 Ng4
28. Ne4 f5 29. Nxc5 Nxf2 30. Nxa6 Nxd3 31. Rd1 Ne5 32. Rd8+ Kg7 33. c5 Nf3+ 34.
Kf1 Nxh2+ 35. Ke1 Nf3+ 36. Kd1 Rc4 37. a5 h5 38. Nc7 Nd4 39. a6 Nc6 40. Rd6 Na7
41. Rd7+ Kh6 42. Ne6 Nb5 43. a7 Nxa7 44. Rxa7 Re4 45. Re7 Rc4 46. Kd2 h4 47.
gxh4 Kh5 48. Rh7+ Kg4 49. Kd3 Rc1 50. Rh6 f4 51. Rxg6+ Kf5 52. h5 Rh1 53. Nd4+
Ke5 54. Rg5+ Kf6 55. Rf5+ Ke7 56. Ke4 Kd7 57. Kxf4 {Black resigns} 1-0

[Event "Team 45 45 League T65"]
[Site "Internet Chess Club"]
[Date "2015.07.02"]
[Round "5"]
[White "ToniMostarda"]
[Black "Chesslov"]
[Result "1-0"]
[WhiteElo "1832"]
[BlackElo "1512"]
[Opening "Queen's pawn"]
[ECO "A40"]
[Time "19:00:09"]
[TimeControl "2700+45"]

1. d4 e6 2. Nf3 Be7 3. c4 d5 4. Nc3 Nf6 5. Bg5 a6 6. e3 h6 7. Bxf6 Bxf6 8. Bd3
c6 9. c5 b6 10. cxb6 Qxb6 11. Qc2 Nd7 12. O-O O-O 13. Na4 Qc7 14. Rac1 Bb7 15.
b4 Rfc8 16. Nc5 e5 17. Nxd7 Qxd7 18. dxe5 Be7 19. Bf5 Qe8 20. Bxc8 Rxc8 21. Nd4
Bxb4 22. Qb2 c5 23. a3 cxd4 24. Qxb4 Rb8 25. exd4 Ba8 26. Qc5 Bb7 27. Qc7 Ba8
28. Rb1 Rc8 29. Qa7 Bc6 30. Qxa6 Ra8 31. Qd3 Ra5 32. Qc3 Qa8 33. Rfc1 Ra6 34.
Rb4 Qe8 35. Rcb1 Kh7 36. Qd3+ g6 37. Qxa6 h5 38. h3 Qe6 39. Rb6 Qf5 40. Re1 Bd7
41. Qe2 Be6 42. a4 Qg5 43. Kf1 Bf5 44. a5 Be4 45. f3 Qf4 46. a6 Qf5 47. a7 Bd3
48. a8=Q Bxe2+ 49. Rxe2 Qd3 50. Qxd5 Qd1+ 51. Kf2 Qc1 52. Qxf7+ Kh6 53. Rxg6#
{Black checkmated} 1-0

[Event "Team 45 45 League T65"]
[Site "Internet Chess Club"]
[Date "2015.07.04"]
[Round "5"]
[White "hondocando"]
[Black "unclevinny"]
[Result "1-0"]
[WhiteElo "1550"]
[BlackElo "1566"]
[Opening "Ruy Lopez: exchange variation, 5.O-O"]
[ECO "C68"]
[Time "12:00:53"]
[TimeControl "2700+45"]

1. e4 e5 2. Nf3 Nc6 3. Bb5 a6 4. Bxc6 dxc6 5. O-O Bd6 6. d4 Bg4 7. dxe5 Bxf3 8.
Qxf3 Bxe5 9. Nd2 b5 10. Rd1 Qf6 11. Qxf6 Nxf6 12. Nf3 Nd7 13. Rxd7 Kxd7 14.
Nxe5+ Ke6 15. Nxc6 f6 16. Bf4 Kd7 17. Nb4 c5 18. Rd1+ Ke8 19. Nd5 Kf7 20. f3
{Black resigns} 1-0

[Event "Team 45 45 League T65"]
[Site "Internet Chess Club"]
[Date "2015.07.05"]
[Round "5"]
[White "stanbeers"]
[Black "bayoumicardio10"]
[Result "0-1"]
[WhiteElo "1454"]
[BlackElo "1635"]
[Opening "English opening"]
[ECO "A05"]
[Time "20:00:40"]
[TimeControl "2700+45"]

1. Nf3 Nf6 2. c4 g6 3. b3 Bg7 4. Bb2 O-O 5. g3 c5 6. Bg2 Nc6 7. O-O d6 8. d4
cxd4 9. Nxd4 Rb8 10. Nc3 Nxd4 11. Qxd4 Nd7 12. Qd2 Nc5 13. Nd5 Be6 14. Bxg7 Kxg7
15. Qc3+ Kg8 16. Rfd1 Qd7 17. Rd4 Bxd5 18. Bxd5 Ne6 19. Bxe6 Qxe6 20. e3 Qf6 21.
Qa5 a6 22. Rad1 Rfc8 23. Rf4 Qe6 24. Rfd4 Rc5 25. Qd2 Rbc8 26. Rd5 Rxd5 27. cxd5
Qe5 28. Qb4 b5 29. Qa3 Rc2 30. Rd4 Qf5 31. Rf4 Qxd5 32. Qxa6 Rc1# {White
checkmated} 0-1

[Event "Team 45 45 League T65"]
[Site "Internet Chess Club"]
[Date "2015.07.05"]
[Round "5"]
[White "Packerfan"]
[Black "justice02"]
[Result "1/2-1/2"]
[WhiteElo "1639"]
[BlackElo "1625"]
[Opening "Caro-Kann: Panov-Botvinnik attack, 5...e6"]
[ECO "B14"]
[Time "14:32:11"]
[TimeControl "2700+45"]

1. e4 c6 2. d4 d5 3. exd5 cxd5 4. c4 Nf6 5. Nc3 e6 6. Nf3 Bb4 7. cxd5 Nxd5 8.
Bb5+ Bd7 9. Bxd7+ Qxd7 10. Bd2 Nxc3 11. Bxc3 Bxc3+ 12. bxc3 O-O 13. O-O Nc6 14.
Rc1 Rfd8 15. Qe2 Rac8 16. Rfd1 Qd5 17. c4 Qh5 18. Qb2 b6 19. Qd2 h6 20. d5 Rd7
21. Qc2 exd5 22. cxd5 Rxd5 23. Rxd5 Qxd5 24. Qa4 a5 25. h3 b5 26. Qa3 Re8 27.
Qc5 Qxc5 28. Rxc5 Nb4 29. a3 Nd3 30. Rxb5 Re2 31. Rxa5 Nxf2 32. Ra8+ Kh7 33. Nd4
Ra2 34. a4 Nd3 35. a5 Nf4 36. a6 Rxg2+ 37. Kf1 Ra2 38. a7 Ra1+ 39. Kf2 Nxh3+ 40.
Ke3 Ra3+ 41. Kd2 Nf4 42. Nc6 Ne6 43. Rc8 h5 44. a8=Q Rxa8 45. Rxa8 g5 46. Nd8
Nxd8 47. Rxd8 h4 48. Ke2 g4 49. Rd6 Kg7 50. Ke3 h3 51. Kf2 f6 52. Kg3 f5 53. Kf4
Kf7 54. Rh6 Kg7 55. Rh5 Kg6 56. Rh4 Kf6 57. Rh6+ Kg7 58. Ra6 Kf7 59. Rb6 {Game
drawn by mutual agreement} 1/2-1/2

[Event "Team 45 45 League T65"]
[Site "Internet Chess Club"]
[Date "2015.07.05"]
[Round "5"]
[White "zepled37"]
[Black "clarinetref"]
[Result "0-1"]
[WhiteElo "1703"]
[BlackElo "1627"]
[Opening "English: symmetrical, Benoni formation"]
[ECO "B38"]
[Time "20:16:18"]
[TimeControl "2700+45"]

1. c4 c5 2. Nf3 Nf6 3. d4 cxd4 4. Nxd4 Nc6 5. Nc3 g6 6. e4 Bg7 7. Be3 O-O 8. Be2
d6 9. O-O Qc7 10. Rc1 a6 11. f4 Nxd4 12. Bxd4 e5 13. Be3 Be6 14. b3 Rad8 15. Bf3
Qc8 16. h3 h5 17. Qe2 h4 18. Qf2 Bxh3 19. gxh3 Qxh3 20. Qh2 Qxh2+ 21. Kxh2 Bh6
22. Be2 Nd7 23. Rcd1 Nb8 24. Kh3 exf4 25. Bxf4 Bxf4 26. Rxf4 g5 27. Rf5 f6 28.
Rdf1 Kg7 29. Nd5 Nd7 30. Bh5 Kh6 31. Bg4 Kg7 32. Nc7 Nc5 33. Rd5 Rf7 34. Ne6+
Nxe6 35. Bxe6 Re7 36. Bf5 Re5 37. Rfd1 Rxd5 38. Rxd5 Kh6 39. c5 Kg7 40. cxd6 Kf7
41. d7 Ke7 42. Kg2 b6 43. Kf2 Rb8 44. d8=Q+ Rxd8 45. Rxd8 Kxd8 46. Kf3 Ke7 47.
Kg4 Kd6 48. Kh5 Ke5 49. Kg4 a5 50. a4 Kd4 51. Bg6 Ke5 52. Bf7 Kxe4 53. Bg6+ Ke5
54. Bd3 Kd4 55. Ba6 Kc3 56. Bc4 Kd2 57. Be6 Ke3 58. Bf5 Kf2 59. Kh3 Kf3 60. Bd7
Kf4 61. Bc6 f5 62. Bb7 Ke3 63. Bc8 f4 64. Kg4 f3 65. Ba6 f2 66. Bf1 Kd2 67. Kxg5
Ke1 68. Bh3 f1=Q 69. Bxf1 Kxf1 70. Kxh4 Ke2 71. Kg4 Kd3 72. Kf5 Kc3 73. Ke5 Kxb3
74. Kd5 Kxa4 {White resigns} 0-1

[Event "Team 45 45 League T65"]
[Site "Internet Chess Club"]
[Date "2015.07.03"]
[Round "5"]
[White "tryanything"]
[Black "Grenadier"]
[Result "1/2-1/2"]
[WhiteElo "1599"]
[BlackElo "1575"]
[Opening "Caro-Kann: exchange variation"]
[ECO "B13"]
[Time "19:53:34"]
[TimeControl "2700+45"]

1. e4 c6 2. d4 d5 3. exd5 cxd5 4. c3 Bf5 5. Bd3 Bxd3 6. Qxd3 Nf6 7. Nf3 e6 8.
Bf4 Nbd7 9. Nbd2 Be7 10. h3 Rc8 11. O-O O-O 12. Rfe1 Qb6 13. Nb3 a5 14. Rab1 Bd6
15. Bxd6 Qxd6 16. Ne5 b6 17. Nxd7 Qxd7 18. Nd2 Qc7 19. a3 Ne8 20. Nf3 Nd6 21.
Ne5 Nc4 22. Nxc4 Qxc4 23. Qxc4 Rxc4 {Game drawn by mutual agreement} 1/2-1/2